 Dungeon Crawl Stone Soup version 0.29-a0-321-gf1c400731a (webtiles) character file.

Game seed: 13806923817754027963

573695 Ajdolov the Slayer (level 26, -1/225 (237) HPs)
             Began as a Merfolk Gladiator on Apr 3, 2022.
             Was an Elder of Okawaru.
             Killed from afar by a quicksilver dragon (35 damage)
             ... with a bolt of dispelling energy
             ... on level 4 of the Realm of Zot.
             The game lasted 03:43:57 (95326 turns).

Ajdolov the Slayer (Merfolk Gladiator)             Turns: 95326, Time: 03:43:58

HP:   -1/225 (237)  AC: 33    Str: 24    XL:     26   Next: 43%
MP:   37/37         EV: 23    Int:  8    God:    Okawaru [****..]
Gold: 9361          SH: 38    Dex: 22    Spells: 25/25 levels left

rFire   . . .      SeeInvis +   a - +7 demon blade "Ruseawuu" {elec, *Noise +Blink rPois Will+}
rCold   + + .      Faith    .   S - +10 tower shield of Ignorance {rN+ Int-4}
rNeg    + . .      Spirit   .   A - +6 plate armour of the Will of the Gods {rC+ Str+3}
rPois   +          Reflect  +   Y - +2 helmet
rElec   .          Harm     .   i - +0 cloak of Osicad {rCorr}
rCorr   +          Rampage  .   x - +0 pair of gloves of Insatiable Hunger {rPois Will+ Stlth+}
Will    +++..                   X - +2 pair of boots {Fly}
Stlth   ..........              e - amulet of reflection
HPRegen 0.47/turn               V - ring of see invisible
MPRegen 0.25/turn               j - ring of the Commoners {rC+ EV+4 Str+4 Int+4}

@: flying, hasted (expiring), drained, invisible (expiring), very quick
A: (nimble swimmer 2), mertail, clumsy 1
}: 4/15 runes: decaying, serpentine, slimy, silver
a: Renounce Religion, Evoke Blink, Heroism, Finesse


You were on level 4 of the Realm of Zot.
You worshipped Okawaru.
Okawaru was greatly pleased with you.
You visited 11 branches of the dungeon, and saw 53 of its levels.
You visited the Abyss 1 time.
You also visited: Ice Cave.

You collected 11123 gold pieces.
You spent 1762 gold pieces at shops.

Inventory:

Hand Weapons
 a - the +7 demon blade "Ruseawuu" (weapon) {elec, *Noise +Blink rPois Will+}
   (Okawaru gifted it to you on level 3 of the Snake Pit)

   It occasionally discharges a powerful burst of electricity upon striking a
   foe.
   rPois:     It protects you from poison.
   +Blink:    It lets you blink.
   *Noise:    It may make noises in combat.
   Will:      It increases your willpower.
 b - a +3 scimitar of flaming
 D - the +8 demon blade "Leech" {vamp, Harm Drain rN+}
   (Okawaru gifted it to you on level 2 of the Elven Halls)

   It heals its wielder for a portion of the damage dealt every time it strikes
   a living foe.
   rN:        It protects you from negative energy.
   Drain:     It drains your maximum health when unequipped.
   Harm:      It increases damage dealt and taken.
Missiles
 q - 13 curare-tipped darts (quivered)
Armour
 i - the +0 cloak of Osicad (worn) {rCorr}
   (Okawaru gifted it to you in an ice cave)

   rCorr:     It protects you from acid and corrosion.
 x - the +0 pair of gloves of Insatiable Hunger (worn) {rPois Will+ Stlth+}
   (Okawaru gifted it to you on level 3 of the Vaults)

   rPois:     It protects you from poison.
   Will:      It increases your willpower.
   Stlth:     It makes you more stealthy.
 A - the +6 plate armour of the Will of the Gods (worn) {rC+ Str+3}
   (You found it on level 6 of the Lair of Beasts)

   Str:       It affects your strength (+3).
   rC:        It protects you from cold.
 S - the +10 tower shield of Ignorance (worn) {rN+ Int-4}
   (Okawaru gifted it to you on level 3 of the Depths)

   Int:       It affects your intelligence (-4).
   rN:        It protects you from negative energy.
 X - a +2 pair of boots of flying (worn)
 Y - a +2 helmet (worn)
Jewellery
 e - an amulet of reflection (around neck)
 j - the ring of the Commoners (right hand) {rC+ EV+4 Str+4 Int+4}
   (You found it on level 3 of the Vaults)

   [ring of evasion]

   EV:        It affects your evasion (+4).
   Str:       It affects your strength (+4).
   Int:       It affects your intelligence (+4).
   rC:        It protects you from cold.
 r - a ring of willpower
 L - a ring of protection from fire
 M - a +4 ring of slaying
 V - a ring of see invisible (left hand)
Wands
 d - a wand of digging (20)
 B - a wand of polymorph (30)
 C - a wand of iceblast (38)
 G - a wand of flame (104)
 O - a wand of acid (7)
 Q - a wand of paralysis (20)
 W - a wand of mindburst (30)
Scrolls
 f - 5 scrolls of enchant armour
 g - 12 scrolls of immolation
 l - 11 scrolls of teleportation
 o - 5 scrolls of holy word
 w - 7 scrolls of fog
 F - 7 scrolls of torment
 I - 12 scrolls of vulnerability
 J - a scroll of silence
 T - 5 scrolls of magic mapping
 U - 4 scrolls of fear
Potions
 c - 8 potions of might
 h - a potion of berserk rage
 m - 3 potions of haste
 n - 11 potions of mutation
 p - 4 potions of invisibility
 u - 9 potions of lignification
 z - 15 potions of attraction
 E - 4 potions of curing
 H - 5 potions of magic
 K - 5 potions of brilliance
 N - 4 potions of resistance
 R - 9 potions of cancellation
Miscellaneous
 s - a condenser vane (inert)
 t - a phantom mirror
 v - a lightning rod (4/4)
 P - a phial of floods (inert)
 Z - a tin of tremorstones (2/2)


   Skills:
 * Level 25.9 Fighting
 - Level 14.0 Long Blades
 - Level 2.0 Throwing
 - Level 15.0 Armour
 + Level 20.9 Dodging
 - Level 20.0 Shields
 - Level 20.0 Invocations
 - Level 15.0 Evocations


You had 25 spell levels left.
You didn't know any spells.
Your spell library contained the following spells:

 Spells                   Type           Power      Damage    Failure   Level
 Apportation              Tloc           0%         N/A       100%        1
 Beastly Appendage        Tmut           0%         N/A       100%        1
 Foxfire                  Conj/Fire      0%         2x1d4     100%        1
 Pain                     Necr           0%         1d4       100%        1
 Slow                     Hex            0%         N/A       100%        1
 Blink                    Tloc           0%         N/A       100%        2
 Corpse Rot               Necr/Air       0%         N/A       100%        2
 Passwall                 Tmut/Erth      0%         N/A       100%        2
 Poisonous Vapours        Pois/Air       0%         N/A       100%        2
 Scorch                   Fire           0%         2d5       100%        2
 Sublimation of Blood     Necr           0%         N/A       100%        2
 Wereblood                Tmut           0%         N/A       100%        2
 Confusing Touch          Hex            0%         N/A       100%        3
 Conjure Flame            Conj/Fire      0%         6-21      100%        3
 Dazzling Flash           Conj/Hex       0%         N/A       100%        3
 Frozen Ramparts          Ice            0%         1d2       100%        3
 Gell's Gravitas          Tloc           0%         N/A       100%        3
 Ignite Poison            Fire/Tmut/Pois 0%         N/A       100%        3
 Inner Flame              Hex/Fire       0%         N/A       100%        3
 Lesser Beckoning         Tloc           0%         N/A       100%        3
 Mephitic Cloud           Conj/Pois/Air  0%         N/A       100%        3
 Ozocubu's Armour         Ice            0%         N/A       100%        3
 Spider Form              Tmut/Pois      0%         N/A       100%        3
 Teleport Other           Tloc           0%         N/A       100%        3
 Vampiric Draining        Necr           0%         2d6       100%        3
 Cause Fear               Hex            0%         N/A       100%        4
 Dispel Undead            Necr           0%         3d6       100%        4
 Flame Wave               Conj/Fire      0%         2d4       100%        4
 Hailstorm                Conj/Ice       0%         3d3       100%        4
 Ice Form                 Ice/Tmut       0%         N/A       100%        4
 Iskenderun's Mystic Bla  Conj/Tloc      0%         2d3       100%        4
 Leda's Liquefaction      Hex/Erth       0%         N/A       100%        4
 Olgreb's Toxic Radiance  Pois           0%         N/A       100%        4
 Passage of Golubria      Tloc           0%         N/A       100%        4
 Petrify                  Tmut/Erth      0%         N/A       100%        4
 Sticky Flame             Conj/Fire      0%         2d3       100%        4
 Agony                    Necr           0%         N/A       100%        5
 Alistair's Intoxication  Tmut/Pois      0%         N/A       100%        5
 Blade Hands              Tmut           0%         N/A       100%        5
 Excruciating Wounds      Necr           0%         N/A       100%        5
 Freezing Cloud           Conj/Ice/Air   0%         6-21      100%        5
 Irradiate                Conj/Tmut      0%         3d13      100%        5
 Lee's Rapid Deconstruct  Erth           0%         3d5*      100%        5
 Manifold Assault         Tloc           0%         N/A       100%        5
 Metabolic Englaciation   Hex/Ice        0%         N/A       100%        5
 Yara's Violent Unravell  Hex/Tmut       0%         3d3       100%        5
 Conjure Ball Lightning   Conj/Air       0%         3x3d6     100%        6
 Eringya's Noxious Bog    Tmut/Pois      0%         N/A       100%        6
 Iron Shot                Conj/Erth      0%         9d1       100%        6
 Starburst                Conj/Fire      0%         6d3       100%        6
 Statue Form              Tmut/Erth      0%         N/A       100%        6
 Dragon Form              Tmut           0%         N/A       100%        7
 Orb of Destruction       Conj           0%         9d5       100%        7
 Ozocubu's Refrigeration  Ice            0%         4d5       100%        7
 Storm Form               Tmut/Air       0%         N/A       100%        7
 Discord                  Hex            0%         N/A       100%        8
 Disjunction              Tloc           0%         N/A       100%        8
 Ignition                 Fire           0%         3d3       100%        8
 Maxwell's Capacitive Co  Air            0%         ∞         100%        8
 Summon Small Mammal      Summ           Unusable   N/A       N/A         1
 Summon Guardian Golem    Hex/Summ       Unusable   N/A       N/A         3
 Tukima's Dance           Hex            Unusable   N/A       N/A         3
 Animate Armour           Summ/Erth      Unusable   N/A       N/A         4
 Summon Ice Beast         Ice/Summ       Unusable   N/A       N/A         4
 Summon Lightning Spire   Summ/Air       Unusable   N/A       N/A         4
 Summon Forest            Summ/Tloc      Unusable   N/A       N/A         5
 Death Channel            Necr           Unusable   N/A       N/A         6
 Simulacrum               Ice/Necr       Unusable   N/A       N/A         6
 Summon Cactus Giant      Summ           Unusable   N/A       N/A         6
 Spellforged Servitor     Conj/Summ      Unusable   N/A       N/A         7
 Summon Hydra             Summ           Unusable   N/A       N/A         7

Dungeon Overview and Level Annotations

Branches:
Dungeon (15/15)            Temple (1/1) D:6            Lair (6/6) D:9
  Swamp (4/4) Lair:4        Snake (4/4) Lair:4        Slime (5/5) Lair:6
    Orc (2/2) D:9             Elf (3/3) Orc:2        Vaults (5/5) D:13
  Crypt (0/3) Vaults:2     Depths (4/4) D:15            Zot (4/5) Depths:4
  IceCv (visited)

Altars:
Ashenzari
Cheibriados
Elyvilon
Fedhas
Gozag
Hepliaklqana
Makhleb
Okawaru
Ru
Uskayaw
Wu Jian
Yredelemnul
Zin
The Shining One
Jiyva

Shops:
D:3 ?   D:5 (?[*!   D:13 :   Orc:2 ?*=[   Elf:3 ?(   Snake:2 :   Vaults:2 (
Vaults:4 :(*:   Depths:1 (

Portals:
Hell: Depths:1 Depths:2 Depths:3 Depths:4
Abyss: Depths:2 Depths:3
Pandemonium: Depths:2
Ziggurat: Depths:1
Trove: Depths:1 (give 8 potions of haste)

Annotations:
D:3 exclusion: downstairs
D:6 3 runed translucent doors, DrClinical's ghost, novice HOBe
D:9 2 transporters
Lair:5 1 runed translucent door, Ithig's ghost, journeyman OpTm
Swamp:2 2 transporters, Iveip's ghost, journeyman DDNe
Snake:3 3 runed translucent doors, Sibliwk's ghost, adept FoFi
Snake:4 Roxanne
Elf:2 3 runed translucent doors


Innate Abilities, Weirdness & Mutations

((You are very nimble when in or above water. (Stealth+, EV+, Speed+++)))
Your lower body shifts to a powerful aquatic tail in water.
You are clumsy. (Dex -2)


Message History

A death cob comes into view.
You feel yourself speed up. You block the death cob's attack.
You block the quicksilver dragon's attack.
The quicksilver dragon completely misses you.
You block the death cob's attack.
You block the quicksilver dragon's attack.
The quicksilver dragon misses you.
The quicksilver dragon attacks as you move away!
You block the quicksilver dragon's attack. x2
A storm dragon comes into view.
The storm dragon roars deafeningly!
You block the death cob's attack.
The storm dragon moves out of view.
A tentacled monstrosity comes into view.
The quicksilver dragon attacks as you move away!
The quicksilver dragon bites you but does no damage.
You block the quicksilver dragon's attack.
You block the death cob's attack.
The quicksilver dragon attacks as you move away!
The quicksilver dragon bites you but does no damage.
You block the quicksilver dragon's attack.
You block the death cob's attack. The death cob completely misses you.
The storm dragon roars deafeningly!
You block the death cob's attack.
The storm dragon roars deafeningly!
You block the death cob's attack.
A moth of wrath comes into view.
The storm dragon roars deafeningly!
The moth of wrath's fur bristles in rage as it notices you.
Found a ring of willpower.
The storm dragon roars deafeningly!
The moth of wrath's fur bristles in rage as it notices you.
The storm dragon roars deafeningly!
As you read the scroll of teleportation, it crumbles to dust.
You feel strangely unstable.
You feel the Orb delaying your translocation!
The quicksilver dragon breathes dispelling energy at you.
The bolt of dispelling energy hits you!!
You feel strangely stable.
Your magical effects are unravelling.
You die...

########## #####.........
####.............
###................
###.......D...#######
###.........#####*,,,,.
**#.....@X*...#****,,,,..
**......zDD....#*,,**,,,..
**,.....y..........**,,,...
**,,...............#*****###
**,,,..............##,,,,,,,,
**,,,,............#...,,*****,
**,,,,*#.........##....,** *,
**,,,,**##....=...#,...#** **
**,,,,****,,,,,,,,,,,****


You could see an orb of fire, a tentacled monstrosity, 2 storm dragons, a death
cob (can't see you), a quicksilver dragon (catching breath) and a moth of wrath
(wandering, can't see you).

Vanquished Creatures
  the Royal Jelly (Slime:5)
  A dread lich (Arena)
  Mara (Vaults:2)
  Xtahua (Vaults:5)
  Saint Roka (Depths:3)
  3 golden dragons
  Vashnia (Arena)
  A bone dragon (Depths:3)
  An electric golem (Arena)
  2 walking earthen tomes
  Rupert (D:14)
  10 tentacled monstrosities
  6 liches
  2 walking crystal tomes (Depths:2)
  4 titans (Vaults:5)
  4 quicksilver dragons
  A walking divine tome (Depths:2)
  2 deep elf master archers (Elf:3)
  2 deep elf blademasters (Elf:3)
  22 acid blobs
  Gastronok (Lair:3)
  7 death cobs
  2 sphinxes (Vaults:2)
  7 shadow dragons
  12 storm dragons
  A thorn hunter (Arena)
  8 tengu reavers
  8 rockslimes (Slime:5)
  12 azure jellies
  2 draconian monks
  8 fire giants
  2 fenstrider witches
  A fire giant (shapeshifter) (Vaults:5)
  5 draconian knights
  3 deep elf sorcerers
  3 orc warlords
  2 nagarajas
  18 vault wardens
  2 draconian scorchers (Depths:4)
  2 iron dragons (Vaults:5)
  Aizul (Snake:2)
  A ghost moth (Zot:1)
  13 frost giants
  14 quicksilver oozes (Slime:5)
  19 stone giants
  2 deep elf elementalists (Elf:3)
  3 draconian shifters (Zot:1)
  19 ironbound preservers
  4 draconian annihilators
  28 very ugly things
  A war gargoyle (Vaults:2)
  2 spriggan defenders
  7 green draconians
  10 ironbound thunderhulks
  A vampire knight (Depths:2)
  6 deep elf demonologists
  6 eleionomae
  4 entropy weavers
  Azrael (D:15)
  A bunyip (shapeshifter) (Elf:1)
  5 white draconians
  A black draconian (Zot:1)
  A spark wasp (Depths:2)
  2 bunyips
  4 yellow draconians
  9 red draconians
  12 deep elf annihilators (Elf:3)
  3 purple draconians
  14 dire elephants
  8 deep elf death magi
  Josephine (D:13)
  14 ettins
  An ettin (shapeshifter) (Vaults:5)
  A shambling mangrove (Swamp:4)
  15 fire dragons
  8 naga warriors
  11 yaktaur captains
  6 boulder beetles
  4 deep elf high priests
  4 salamander tyrants
  12 great orbs of eyes
  46 vault guards
  A peacekeeper (Vaults:2)
  4 rakshasas
  28 hydras
  6 spriggan air magi
  16 ice dragons
  A hell beast (Depths:2)
  3 ogre magi
  Erica (D:8)
  15 anacondas
  An anaconda (shapeshifter) (Vaults:5)
  15 ironbound frosthearts
  16 centaur warriors
  A death knight (D:12)
  2 catoblepae
  16 alligators
  5 deep troll shamans
  7 tengu warriors
  8 two-headed ogres
  9 death yaks
  21 dancing weapons
  7 deep troll earth magi
  4 vampire magi
  6 orc high priests
  5 shock serpents
  7 hell knights
  7 spriggan berserkers
  16 naga sharpshooters
  9 deep elf knights
  A soul eater (Depths:2)
  2 titan skeletons (Vaults:5)
  7 salamander mystics
  6 iron trolls
  3 goliath frogs
  4 spriggan druids
  6 skeletal warriors
  67 deep trolls
  14 swamp dragons
  2 flayed ghosts
  2 glowing orange brains
  10 deep elf archers
  16 ironbound convokers
  6 bog bodies
  7 wizards
  21 lindwurms
  8 harpies
  An orc knight (Vaults:5)
  6 naga ritualists
  21 deep elf zephyrmancers
  An orange crystal statue (Arena)
  8 phantasmal warriors
  A wolf spider (shapeshifter) (Elf:3)
  2 necromancers
  44 ugly things
  A shining eye (shapeshifter) (Vaults:5)
  9 will-o-the-wisps
  14 mana vipers
  37 deep elf pyromancers
  4 cyclopes
  3 orc sorcerers
  3 manticores
  13 moths of wrath
  23 elephants
  An elephant (shapeshifter) (D:13)
  10 guardian serpents
  37 black mambas
  18 naga magi
  23 salamanders
  20 vault sentinels
  2 gargoyles
  3 eyes of devastation
  A cane toad (shapeshifter) (Elf:1)
  10 rime drakes
  13 cane toads
  4 unseen horrors
  Psyche (D:8)
  9 komodo dragons
  An orange demon (Depths:2)
  3 efreet
  4 freezing wraiths
  46 yaktaurs
  4 tengu conjurers
  A red devil (Depths:2)
  10 trolls
  13 polar bears
  13 hornets
  12 tyrant leeches
  19 blink frogs
  90 slime creatures
  6 dream sheep
  A jumping spider (Vaults:2)
  A vampire (D:9)
  5 air elementals
  14 spriggans
  8 water elementals
  34 yaks
  2 culicivoras
  7 wraiths
  2 ynoxinuls (Depths:2)
  2 shadows
  5 wyverns
  2 elf zombies (Vaults:2)
  A hog (shapeshifter) (Vaults:5)
  3 basilisks
  10 fire elementals
  A yaktaur simulacrum (Vaults:2)
  A chaos spawn (Depths:2)
  Grum (D:8)
  A steam dragon (Lair:4)
  A human simulacrum (Vaults:5)
  6 redbacks
  11 swamp worms
  6 wargs
  46 nagas
  12 vampire mosquitoes
  3 acid dragons
  30 water moccasins
  A floating eye (Depths:2)
  An ice beast (D:8)
  3 hell hounds
  28 orc warriors
  7 swamp drakes
  2 sky beasts (D:7)
  4 black bears
  2 human zombies (Vaults:2)
  10 ogres
  3 boggarts (Vaults:1)
  18 wolves
  5 centaurs
  3 kobold brigands
  16 bullfrogs
  2 wyvern zombies (D:8)
  3 earth elementals
  6 scorpions
  5 wights (D:6)
  17 killer bees
  An electric eel (Lair:1)
  A howler monkey (shapeshifter) (Vaults:5)
  3 centaur zombies (D:8)
  4 hounds
  Crazy Yiuf (D:2)
  5 jellies
  A gnoll shaman (D:11)
  32 orc priests
  Jessica (D:2)
  4 iguanas
  17 orc wizards
  3 howler monkey zombies (D:8)
  11 gnolls
  4 adders
  A white imp (D:7)
  5 ufetubi
  4 worms
  2 dart slugs
  81 orcs
  5 bats
  15 endoplasms
  4 giant cockroaches
  6 goblins
  13 hobgoblins
  2 jackals (D:4)
  3 quokkas
  7 ball pythons
  A frilled lizard (D:3)
  21 kobolds
  3 rats
  A briar patch (Swamp:2)
2096 creatures vanquished.

Vanquished Creatures (others)
  A fire giant (Depths:2)
  A draconian knight (Zot:2)
  A deep elf death mage (Elf:1)
  A dancing weapon (Elf:2)
  A hell knight (Depths:4)
  A deep elf knight (Elf:1)
  A wizard (Vaults:4)
  2 deep elf zephyrmancers
  A yaktaur (Vaults:3)
  A bloated husk (Swamp:1)
  A polar bear (IceCv)
  An orc warrior (Orc:2)
  A boggart (Vaults:1)
  3 briar patches (Swamp:2)
  28 foxfires
  45 fungi
  70 plants
160 creatures vanquished.

Grand Total: 2256 creatures vanquished

Notes
Turn   | Place    | Note
-------+----------+-------------------------------------------
     0 | D:1      | Ajdolov the Merfolk Gladiator began the quest for the Orb.
     0 | D:1      | Reached XP level 1. HP: 16/16 MP: 1/1
    87 | D:1      | Found a faded altar of an unknown god.
   134 | D:1      | Prayed at the altar of an unknown god.
   134 | D:1      | Became a worshipper of Warmaster Okawaru
   134 | D:1      | Reached * piety under Okawaru
   165 | D:1      | Reached XP level 2. HP: 23/23 MP: 2/2
   525 | D:1      | Reached XP level 3. HP: 27/28 MP: 3/3
   895 | D:2      | Noticed Jessica
   899 | D:2      | Killed Jessica
   900 | D:2      | Reached skill level 3 in Fighting
   900 | D:2      | Reached skill level 5 in Long Blades
   900 | D:2      | Reached XP level 4. HP: 31/35 MP: 4/4
  1221 | D:2      | Found a runed translucent door.
  1222 | D:2      | Noticed Crazy Yiuf
  1243 | D:3      | Noticed a +0 hand axe
  1243 | D:3      | Noticed a +0 hand axe
  1244 | D:3      | Found a hide-covered altar of Uskayaw.
  1582 | D:3      | Found Resm's Magic Scroll Boutique.
  1844 | D:3      | Reached XP level 5. HP: 41/41 MP: 5/5
  1917 | D:3      | Found a blossoming altar of Fedhas.
  2284 | D:2      | You fall into a shaft and drop 1 floor!
  2411 | D:4      | Noticed a black bear
  2431 | D:4      | Killed a black bear
  2431 | D:4      | Reached ** piety under Okawaru
  2432 | D:4      | Reached skill level 4 in Fighting
  2432 | D:4      | Reached XP level 6. HP: 30/48 MP: 6/6
  2885 | D:4      | Identified the +2 ring mail "Puyry" {Fly rPois rC+ Will-
                  | Int-5}
  3339 | D:5      | Entered Level 5 of the Dungeon
  3388 | D:5      | Reached XP level 7. HP: 40/55 MP: 7/7
  3407 | D:5      | Found Vefeb's General Store.
  3410 | D:5      | Bought a potion of heal wounds for 75 gold pieces
  3410 | D:5      | Bought a potion of heal wounds for 75 gold pieces
  3410 | D:5      | Bought a potion of heal wounds for 75 gold pieces
  3410 | D:5      | Bought 4 datura-tipped darts for 24 gold pieces
  3441 | D:5      | Reached skill level 5 in Fighting
  3530 | D:5      | Found Optoomon's Antique Armour Boutique.
  3703 | D:5      | Found a burning altar of Makhleb.
  3766 | D:5      | Found Xifi Lae's Antique Weapon Shop.
  3813 | D:5      | Found a sacrificial altar of Ru.
  3835 | D:5      | Found Tuyh's Magic Scroll Emporium.
  3844 | D:5      | Bought 3 scrolls of identify for 90 gold pieces
  4052 | D:5      | Found Plog's Distillery.
  4138 | D:5      | Found a hazy altar of Hepliaklqana.
  4406 | D:6      | Found a runed translucent gate.
  4407 | D:6      | Found a runed translucent gate.
  4407 | D:6      | Found an opulent altar of Gozag.
  4408 | D:6      | Found a runed translucent gate.
  4410 | D:6      | Noticed a yak
  4410 | D:6      | Noticed DrClinical's ghost (novice HOBe)
  4415 | D:6      | Found a staircase to the Ecumenical Temple.
  4434 | Temple   | Entered the Ecumenical Temple
  4466 | D:6      | Found an iron altar of Okawaru.
  4518 | D:6      | Reached *** piety under Okawaru
  4519 | D:6      | Reached XP level 8. HP: 41/64 MP: 8/8
  4588 | D:6      | Reached skill level 6 in Fighting
  4655 | D:6      | Reached skill level 10 in Long Blades
  5686 | D:6      | Found an ornate altar of the Wu Jian Council.
  5915 | D:2      | Killed Crazy Yiuf
  6107 | D:7      | Found an opulent altar of Gozag.
  6207 | D:7      | Noticed a shadow
  6223 | D:6      | Reached skill level 5 in Dodging
  6223 | D:6      | Reached XP level 9. HP: 37/69 MP: 9/9
  6424 | D:6      | Reached **** piety under Okawaru
  6568 | D:7      | Found a white marble altar of Elyvilon.
  6647 | D:7      | Identified the +5 longbow "Taxeox" {freeze, Str+4}
  6658 | D:7      | Noticed a komodo dragon
  6691 | D:7      | Killed a komodo dragon
  6781 | D:7      | Reached skill level 1 in Invocations
  6943 | D:7      | Identified the +1 plate armour of the Spheres {Harm rC+
                  | Int+4}
  6994 | D:7      | Noticed a purple ugly thing
  7026 | D:7      | Killed a purple ugly thing
  7026 | D:7      | Reached ***** piety under Okawaru
  7027 | D:7      | Reached XP level 10. HP: 66/77 MP: 11/13
  7104 | D:7      | You are sucked into a shaft and drop 2 floors!
  7130 | D:8      | Received a gift from Okawaru
  7363 | D:8      | Reached skill level 7 in Fighting
  7376 | D:8      | Noticed Erica
  7514 | D:8      | Killed Erica
  7515 | D:8      | Reached skill level 5 in Invocations
  7598 | D:8      | Noticed Grum
  7606 | D:8      | Killed Grum
  7899 | D:8      | Found a basalt altar of Yredelemnul.
  8176 | D:8      | Killed an unseen horror
  8176 | D:8      | Received a gift from Okawaru
  8232 | D:8      | Noticed Psyche
  8239 | D:8      | Killed Psyche
  8240 | D:8      | Reached skill level 8 in Fighting
  8653 | D:8      | Found a snail-covered altar of Cheibriados.
  8728 | D:9      | Found a viscous altar of Jiyva.
  8749 | D:9      | Noticed a two-headed ogre
  8755 | D:9      | Noticed a two-headed ogre
  8765 | D:9      | Noticed a cyclops
  8779 | D:9      | Killed a cyclops
  8780 | D:9      | Reached XP level 11. HP: 84/87 MP: 15/17
  8787 | D:9      | Found a staircase to the Lair.
  8998 | D:9      | Killed a two-headed ogre
  9037 | D:9      | Killed a two-headed ogre
  9037 | D:9      | Received a gift from Okawaru
  9038 | D:9      | Reached skill level 9 in Fighting
  9196 | D:9      | Found a transporter.
  9202 | D:9      | Found a transporter.
  9455 | D:9      | Found a staircase to the Orcish Mines.
  9515 | D:9      | Identified the -5 pair of boots of a treasure trove {Harm
                  | Int+4}
  9839 | D:5      | Bought an ichor-stained chain mail for 266 gold pieces
  9839 | D:5      | Identified the +0 chain mail of Qeihoeq {Int+5} (You bought
                  | it in a shop on level 5 of the Dungeon)
 10044 | D:10     | Entered Level 10 of the Dungeon
 10154 | D:10     | Reached skill level 10 in Invocations
 10179 | D:10     | Noticed a green ugly thing
 10202 | D:10     | Killed a green ugly thing
 10203 | D:10     | Reached skill level 10 in Dodging
 10212 | D:10     | Noticed a two-headed ogre
 10229 | D:10     | Killed a two-headed ogre
 10230 | D:10     | Reached skill level 10 in Fighting
 10230 | D:10     | Reached skill level 1 in Shields
 10414 | D:10     | Found a glowing golden altar of the Shining One.
 10641 | D:10     | Identified the +6 spear of Ignis's Regard {flame, rF+ rC++}
 10737 | D:10     | Reached ****** piety under Okawaru
 10762 | D:10     | Noticed a two-headed ogre
 10768 | D:10     | Killed a two-headed ogre
 10768 | D:10     | Received a gift from Okawaru
 11102 | D:11     | Noticed a tengu warrior
 11102 | D:11     | Noticed a tengu warrior
 11111 | D:11     | Reached XP level 12. HP: 88/97 MP: 13/19
 11121 | D:11     | Killed a tengu warrior
 11122 | D:11     | Reached skill level 5 in Shields
 11154 | D:11     | Killed a tengu warrior
 11251 | D:11     | Noticed an eight-headed hydra
 11257 | D:11     | Reached skill level 11 in Fighting
 11267 | D:11     | Killed a three-headed hydra
 11488 | D:11     | Received a gift from Okawaru
 11537 | D:11     | Reached skill level 12 in Fighting
 12011 | D:5      | Bought a potion of curing for 45 gold pieces
 12222 | D:12     | Identified a scroll of acquirement
 12241 | D:11     | Acquired 1178 gold pieces
 12446 | D:12     | Received a gift from Okawaru
 12844 | D:12     | Reached skill level 13 in Fighting
 13795 | Lair:1   | Entered Level 1 of the Lair of Beasts
 14069 | Lair:1   | Noticed a seven-headed hydra
 14077 | Lair:1   | Killed a three-headed hydra
 14078 | Lair:1   | Reached skill level 14 in Fighting
 14228 | Lair:1   | Noticed a death yak
 14228 | Lair:1   | Noticed a death yak
 14245 | Lair:1   | Killed a death yak
 14246 | Lair:1   | Noticed a death yak
 14254 | Lair:1   | Killed a death yak
 14255 | Lair:1   | Reached XP level 13. HP: 68/114 MP: 20/20
 14274 | Lair:1   | Reached skill level 15 in Fighting
 14877 | Lair:1   | Found the +8 whip "Snakebite" {venom, curare, rPois}
 16243 | Lair:2   | Received a gift from Okawaru
 16978 | Lair:3   | You fall into a shaft and drop 2 floors!
 17327 | Lair:3   | Identified the +0 plate armour "Reles" {rN+ rCorr Str+4
                  | Dex+4} (Okawaru gifted it to you on level 3 of the Lair of
                  | Beasts)
 17327 | Lair:3   | Received a gift from Okawaru
 17390 | Lair:3   | Noticed Gastronok
 17405 | Lair:3   | Killed Gastronok
 17406 | Lair:3   | Reached skill level 15 in Dodging
 17886 | Lair:3   | Reached XP level 14. HP: 105/124 MP: 21/21
 18056 | Lair:3   | Reached skill level 16 in Fighting
 19150 | Lair:4   | Found a staircase to the Swamp.
 19216 | Lair:4   | Found a staircase to the Snake Pit.
 20035 | Lair:5   | Found a runed translucent door.
 20035 | Lair:5   | Noticed Ithig's ghost (journeyman OpTm)
 20099 | Lair:5   | Reached skill level 17 in Fighting
 20099 | Lair:5   | Reached skill level 1 in Armour
 20121 | Lair:5   | Received a gift from Okawaru
 20457 | Lair:5   | Acquired a ring of willpower
 21317 | Lair:6   | Entered Level 6 of the Lair of Beasts
 21954 | Lair:6   | Found a staircase to the Slime Pits.
 22151 | Lair:6   | Reached skill level 5 in Armour
 22350 | Lair:6   | Received a gift from Okawaru
 22451 | Lair:6   | Identified the +11 longbow of Jopeogown {venom, rElec
                  | Str+4} (Okawaru gifted it to you on level 6 of the Lair of
                  | Beasts)
 22451 | Lair:6   | Received a gift from Okawaru
 22461 | Lair:6   | Reached XP level 15. HP: 80/136 MP: 22/22
 22788 | Lair:6   | Identified the +6 plate armour of the Will of the Gods {rC+
                  | Str+3}
 23389 | D:13     | Found Ediash's Book Boutique.
 23414 | D:13     | Reached skill level 18 in Fighting
 24794 | D:13     | Noticed Josephine
 24813 | D:13     | Killed Josephine
 24870 | D:13     | Received a gift from Okawaru
 25568 | D:13     | Found a gate to the Vaults.
 25737 | D:14     | Found a frozen archway.
 25757 | IceCv    | Entered an ice cave
 25841 | Arena    | Entered the Arena
 25867 | Arena    | Entered the Arena
 26273 | IceCv    | Identified the +0 cloak of Osicad {rCorr} (Okawaru gifted
                  | it to you in an ice cave)
 26273 | IceCv    | Received a gift from Okawaru
 26542 | Arena    | Entered the Arena
 27074 | Arena    | Entered the Arena
 27425 | IceCv    | Noticed a frost giant
 27466 | IceCv    | Noticed a frost giant
 27475 | IceCv    | Killed a frost giant
 27483 | IceCv    | Killed a frost giant
 27486 | IceCv    | Noticed a frost giant
 27495 | IceCv    | Killed a frost giant
 27496 | IceCv    | Reached XP level 16. HP: 33/145 MP: 23/23
 27502 | IceCv    | Reached skill level 19 in Fighting
 29049 | D:14     | Noticed Rupert
 29072 | D:14     | Killed Rupert
 29666 | D:14     | Identified the +8 triple crossbow "Keanut" {elec, rElec rF-
                  | rN+} (Okawaru gifted it to you on level 14 of the Dungeon)
 29666 | D:14     | Received a gift from Okawaru
 29883 | D:14     | Reached skill level 10 in Armour
 30095 | D:15     | Entered Level 15 of the Dungeon
 30358 | D:15     | Noticed Azrael
 30647 | D:15     | Killed Azrael
 31583 | D:15     | Found a staircase to the Depths.
 31809 | D:15     | Received a gift from Okawaru
 31978 | D:15     | Found a glowing silver altar of Zin.
 32209 | Orc:1    | Entered Level 1 of the Orcish Mines
 32833 | Orc:2    | Entered Level 2 of the Orcish Mines
 35061 | Orc:2    | Found Bihai's Assorted Antiques.
 35061 | Orc:2    | Found Reseicyps's Magic Scroll Boutique.
 35062 | Orc:2    | Found Nageph's Jewellery Shop.
 35066 | Orc:2    | Found Zuom's Antique Armour Shop.
 35072 | Orc:2    | Bought a scroll of enchant armour for 82 gold pieces
 35244 | Orc:2    | Found a staircase to the Elven Halls.
 35479 | Snake:1  | Entered Level 1 of the Snake Pit
 35591 | Snake:1  | Received a gift from Okawaru
 35771 | Snake:1  | Reached skill level 20 in Fighting
 36385 | Snake:1  | Reached skill level 1 in Evocations
 36402 | Snake:1  | Reached XP level 17. HP: 148/155 MP: 24/24
 37804 | Arena    | Entered the Arena
 38107 | Snake:2  | Found Jergh's Book Shoppe.
 39021 | Snake:2  | Noticed Aizul
 39048 | Snake:2  | Killed Aizul
 41326 | Snake:3  | Reached skill level 5 in Evocations
 41330 | Snake:3  | Identified the +7 demon blade "Ruseawuu" {elec, *Noise
                  | +Blink rPois Will+} (Okawaru gifted it to you on level 3 of
                  | the Snake Pit)
 41330 | Snake:3  | Received a gift from Okawaru
 41789 | Snake:3  | Noticed Sibliwk's ghost (adept FoFi)
 41798 | Snake:3  | Found a runed translucent gate.
 41798 | Snake:3  | Found a runed translucent gate.
 41798 | Snake:3  | Found a runed translucent gate.
 42103 | Snake:3  | Noticed Vashnia
 42327 | Arena    | Entered the Arena
 42337 | Arena    | Killed Vashnia
 42587 | Snake:3  | Received a gift from Okawaru
 43023 | Snake:4  | Entered Level 4 of the Snake Pit
 43151 | Snake:4  | Identified Roxanne's Catalogue of Transformation
 43151 | Snake:4  | Noticed Roxanne
 43487 | Snake:4  | Reached XP level 18. HP: 152/162 MP: 25/25
 44023 | Snake:4  | Reached skill level 10 in Evocations
 45431 | Arena    | Entered the Arena
 45648 | Arena    | Entered the Arena
 46822 | Snake:4  | Got a serpentine rune of Zot
 47379 | Swamp:1  | Entered Level 1 of the Swamp
 48300 | Swamp:1  | Found a broken altar of Ashenzari.
 48586 | Swamp:2  | Received a gift from Okawaru
 48645 | Swamp:2  | Noticed a profane servitor
 48669 | Swamp:2  | Found a transporter.
 48913 | Arena    | Entered the Arena
 48953 | Swamp:2  | Noticed Iveip's ghost (journeyman DDNe)
 49227 | Swamp:2  | Found a transporter.
 49306 | Swamp:2  | Received a gift from Okawaru
 49651 | Swamp:2  | You are sucked into a shaft and drop 1 floor!
 50102 | Swamp:3  | Reached XP level 19. HP: 169/169 MP: 27/27
 50538 | Swamp:4  | Entered Level 4 of the Swamp
 50578 | Swamp:4  | Received a gift from Okawaru
 50653 | Swamp:4  | Identified the +9 war axe "Uzxene" {venom, +Blink rElec
                  | MP+9 Stlth-}
 51344 | Swamp:4  | Identified the +3 robe "Ilumad" {Slay+6 Stlth-} (Okawaru
                  | gifted it to you on level 4 of the Swamp)
 51344 | Swamp:4  | Received a gift from Okawaru
 51394 | Arena    | Entered the Arena
 52011 | Swamp:4  | Reached skill level 15 in Evocations
 52661 | Swamp:4  | Got a decaying rune of Zot
 53024 | Vaults:1 | Entered Level 1 of the Vaults
 55411 | Vaults:1 | Identified the +3 demon trident "Nesuodocs" {flame, *Slow
                  | rF+ rC+++ rCorr}
 55741 | Vaults:1 | Reached XP level 20. HP: 167/176 MP: 30/30
 55750 | Vaults:1 | Identified the +10 shortbow of the Shining Light {flame,
                  | Contam rF++ rCorr} (Okawaru gifted it to you on level 1 of
                  | the Vaults)
 55750 | Vaults:1 | Received a gift from Okawaru
 56735 | Vaults:2 | Found Vaffaluo's Weapon Shop.
 57066 | Vaults:2 | Reached skill level 10 in Shields
 57112 | Vaults:2 | Noticed Mara
 57124 | Vaults:2 | Noticed Ajdolov's illusion
 57153 | Vaults:2 | Killed Mara
 57512 | Vaults:2 | Received a gift from Okawaru
 57579 | Vaults:2 | Found a staircase to the Crypt.
 57952 | Vaults:2 | Identified the +0 robe of the Serpent {Dex+3 Stlth+}
 57991 | Vaults:2 | Reached skill level 15 in Invocations
 58003 | Arena    | Entered the Arena
 58600 | Vaults:2 | Identified the +6 hunting sling of Propriety {vorpal, rC+
                  | Dex+6}
 59047 | Vaults:2 | Received a gift from Okawaru
 60961 | Vaults:2 | Identified the +9 falchion of Acas {vorpal, rElec Int+3}
                  | (Okawaru gifted it to you on level 2 of the Vaults)
 60961 | Vaults:2 | Received a gift from Okawaru
 61255 | Vaults:3 | Reached XP level 21. HP: 165/183 MP: 32/32
 61367 | Vaults:3 | Identified the ring of the Commoners {rC+ EV+4 Str+4 Int+4}
 61765 | Vaults:3 | Received a gift from Okawaru
 61779 | Vaults:3 | Reached skill level 15 in Shields
 61826 | Vaults:3 | Acquired 857 gold pieces
 62193 | Vaults:3 | Received a gift from Okawaru
 63488 | Vaults:3 | Identified the +0 pair of gloves of Insatiable Hunger
                  | {rPois Will+ Stlth+} (Okawaru gifted it to you on level 3
                  | of the Vaults)
 63488 | Vaults:3 | Received a gift from Okawaru
 64170 | Vaults:4 | Found Ziecruwkuy's Book Shop.
 64434 | Vaults:4 | Found Hutuol's Weapon Emporium.
 64457 | Vaults:4 | Found Heebbu's Book Shop.
 64787 | Vaults:4 | Found Boibb's Assorted Antiques.
 64794 | Vaults:4 | Bought a scroll of blinking for 210 gold pieces
 64794 | Vaults:4 | Bought a potion of might for 112 gold pieces
 64794 | Vaults:4 | Bought a potion of might for 112 gold pieces
 65277 | Vaults:4 | Reached XP level 22. HP: 135/190 MP: 33/33
 66694 | Depths:1 | Entered Level 1 of the Depths
 67224 | Depths:1 | Identified the +4 chain mail "Ureogiru" {rF+ rC+} (Okawaru
                  | gifted it to you on level 1 of the Depths)
 67224 | Depths:1 | Received a gift from Okawaru
 68003 | Depths:1 | Identified the +3 war axe "Boful" {protect, rN+ Int+5
                  | Dex-2}
 68100 | Depths:1 | Found a one-way gateway to a ziggurat.
 68294 | Depths:1 | Found a portal to a secret trove of treasure.
 68320 | Depths:1 | Found a gateway to Hell.
 68482 | Depths:1 | Found Ecreent's Antique Weapon Emporium.
 68491 | Depths:1 | Bought an iridescent executioner's axe for 525 gold pieces
 68491 | Depths:1 | Identified the +7 executioner's axe "Ysodd" {venom, rF+
                  | rC+} (You bought it in a shop on level 1 of the Depths)
 68664 | Depths:2 | Found a one-way gate to the infinite horrors of the Abyss.
 69503 | Elf:1    | Entered Level 1 of the Elven Halls
 70053 | Elf:1    | Paralysed by an air elemental for 1 turns
 71266 | Elf:2    | Received a gift from Okawaru
 71266 | Elf:2    | Found the +8 demon blade "Leech" {vamp, Harm Drain rN+}
 71728 | Elf:2    | Found a runed translucent gate.
 71729 | Elf:2    | Found a runed translucent gate.
 71729 | Elf:2    | Found a runed translucent gate.
 71869 | Elf:3    | Entered Level 3 of the Elven Halls
 71958 | Elf:3    | Found Xioqan's Magic Scroll Shoppe.
 71988 | Elf:3    | Bought a scroll of teleportation for 33 gold pieces
 71988 | Elf:3    | Bought a scroll of magic mapping for 38 gold pieces
 72282 | Elf:3    | Reached XP level 23. HP: 155/198 MP: 35/35
 72772 | Elf:3    | Found Fyiptiarph's Antique Weapon Shop.
 73098 | Elf:3    | Paralysed by an air elemental for 1 turns
 73153 | Elf:3    | Received a gift from Okawaru
 73154 | Elf:3    | Reached skill level 21 in Fighting
 73440 | Elf:3    | Identified the +8 fustibalus "Vost" {speed, Str+3 Dex+2}
 73853 | Elf:3    | Identified the +0 ring mail "Naefir" {rF+ rCorr SInv}
 73859 | Elf:3    | Identified the +1 ring mail "Oview" {rN+}
 75238 | Depths:2 | Found an iron altar of Okawaru.
 75367 | Depths:2 | Identified the amulet of False Pretenses {Reflect rPois
                  | SH+5}
 75583 | Depths:2 | Identified the +5 fire dragon scales "Hudoit" {*Corrode
                  | rF++ rC- Dex+5}
 75608 | Depths:2 | Identified the +1 robe of Trumpets {+Blink +Inv Slay-5}
                  | (Okawaru gifted it to you on level 2 of the Depths)
 75608 | Depths:2 | Received a gift from Okawaru
 76196 | Depths:2 | Found a one-way gate leading to the halls of Pandemonium.
 76466 | Depths:2 | Identified the +9 glaive of Exquisite Death {flame, rElec
                  | rC- Str+3 Dex+4}
 76503 | Depths:2 | Noticed a golden dragon
 76521 | Depths:2 | Killed a golden dragon
 76819 | Depths:2 | Got the Reference Book on Supportive Changing
 78236 | Depths:3 | Noticed Saint Roka
 78270 | Depths:3 | Killed Saint Roka
 78271 | Depths:3 | Reached XP level 24. HP: 131/210 MP: 37/37
 78657 | Depths:3 | Reached skill level 22 in Fighting
 78735 | Depths:3 | Received a gift from Okawaru
 79572 | Depths:3 | Received a gift from Okawaru
 79572 | Depths:3 | Found the +10 tower shield of Ignorance {rN+ Int-4}
 80119 | Depths:4 | Entered Level 4 of the Depths
 81953 | Depths:4 | Identified the +7 shortbow "Opukhilu" {vorpal, Int+4}
 82100 | Depths:4 | Found an opulent altar of Gozag.
 82412 | Depths:4 | Found a gate to the Realm of Zot.
 82827 | Slime:1  | Entered Level 1 of the Pits of Slime
 83093 | Slime:4  | Identified the +0 hat "Uguomul" {rCorr Str+3} (Okawaru
                  | gifted it to you on level 4 of the Pits of Slime)
 83093 | Slime:4  | Received a gift from Okawaru
 83124 | Slime:5  | Entered Level 5 of the Pits of Slime
 83277 | Slime:5  | Noticed the Royal Jelly
 84159 | Slime:5  | Reached skill level 23 in Fighting
 84705 | Slime:5  | Killed the Royal Jelly
 85038 | Slime:5  | Identified the +9 longbow of Impatience {flame, rElec
                  | Will++ Dex+4}
 85048 | Slime:5  | Found the +10 dark maul {vorpal}
 85059 | Slime:5  | Got a slimy rune of Zot
 85092 | Slime:5  | Identified the +0 rapier of Tytus {freeze, rPois rF+}
 85103 | Slime:5  | Identified the +2 robe "Amuklutz" {Int+4}
 86040 | Vaults:2 | Reached XP level 25. HP: 221/221 MP: 37/37
 86174 | Vaults:5 | Entered Level 5 of the Vaults
 86227 | Arena    | Entered the Arena
 86253 | Arena    | Entered the Arena
 86336 | Arena    | Entered the Arena
 86399 | Vaults:5 | Identified the +7 quarterstaff of Dirukk {antimagic, rPois}
                  | (Okawaru gifted it to you on level 5 of the Vaults)
 86399 | Vaults:5 | Received a gift from Okawaru
 87091 | Vaults:5 | Noticed Xtahua
 87108 | Vaults:5 | Killed Xtahua
 87364 | Vaults:5 | Identified the +3 hand crossbow of Premature Burial {speed,
                  | rPois Dex+3}
 87388 | Vaults:5 | Cast into level 3 of the Abyss (vault guard)
 87399 | Vaults:5 | Escaped the Abyss
 88007 | Vaults:5 | Identified the +1 scimitar of Glory {freeze, rF+++ Str-3
                  | Int+4}
 88017 | Vaults:5 | Noticed a dread lich
 88024 | Arena    | Entered the Arena
 88052 | Arena    | Killed a dread lich
 88052 | Arena    | Identified the +1 pair of gloves "Nobid" {Contam Slay+3
                  | SInv} (Okawaru gifted it to you in the Arena)
 88052 | Arena    | Received a gift from Okawaru
 88074 | Arena    | Entered the Arena
 88606 | Vaults:5 | Identified the +9 dagger "Leviticus" {chaos, +Blink rC+
                  | Will+}
 88735 | Vaults:5 | Identified the +0 pair of gloves "Melux" {Harm Int+5 Dex-5
                  | Slay+2 SInv}
 88738 | Vaults:5 | Got a silver rune of Zot
 88785 | Vaults:5 | Reached skill level 24 in Fighting
 89397 | Vaults:5 | Reached skill level 15 in Armour
 90310 | Zot:1    | Entered Level 1 of the Realm of Zot
 90614 | Arena    | Entered the Arena
 91094 | Zot:1    | Reached XP level 26. HP: 203/234 MP: 14/37
 91151 | Zot:1    | Reached skill level 25 in Fighting
 94922 | Zot:3    | Received a gift from Okawaru
 95229 | Zot:4    | Noticed an orb of fire
 95229 | Arena    | Entered the Arena
 95288 | Zot:4    | HP: 8/225 [orb of fire/bolt of fire (28)]
 95295 | Zot:4    | Gained mutation: You are clumsy. (Dex -2) [an orb of fire]
 95296 | Zot:4    | HP: 1/225 [orb of fire/bolt of fire (59)]
 95326 | Zot:4    | Killed from afar by a quicksilver dragon

Illustrated notes

Levels and vault maps discovered:
D:1:      heliophobic_arrival_battle_scene, layout_basic,
          hellmonk_ecumenical_altar_zigzags, serial_bayou_pond_c
D:2:      layout_rooms, serial_glass, glass_columns_a, glass_columns_a,
          uniq_crazy_yiuf_cottage, uniq_jessica
D:3:      layout_basic, dancing_weapons_uskayaw, mainiacjoe_overflow_paths,
          serial_shops, nicolae_shop_statue_plus, grunt_ministairs_15
D:4:      minmay_razor_zed, layout_loops_ring, serial_park_tiny_1, minmay_cupped
D:5:      layout_basic, worldfamousw_hep_ancestral_shrine,
          nicolae_ru_path_of_blood, nicolae_overflow_crystal_walls,
          serial_shops, shop, nicolae_shop_advertising_works
          [nicolae_subvault_shop_adworks], nicolae_shop_behind_doors,
          kennysheep_little_box, shop, glass_columns_a
D:6:      layout_loops_corners, lemuel_tele_altar,
          pdpol_wu_jian_five_deadly_venoms,
          minmay_temple_entry_drinking_statues, ebering_ghost_gozag
D:7:      minmay_opposing_rooms, layout_rooms, elyvilon_altar_3,
          mainiacjoe_overflow_cross_hatched, serial_corexii_hall,
          chequers_hall_statues_corner_a, corexii_hall_statues_i,
          chequers_hall_statues_corner_a, chequers_hall_statues_y
D:8:      layout_basic, kennysheep_mini, nicolae_yredelemnul_corpse_copse,
          chequers_garden, hex_intersection, uniq_psyche, uniq_erica, uniq_grum
D:9:      gammafunk_jiyva_shrine, layout_gridville, dpeg_oklobed_lair,
          minmay_orc_entry_guard_dogs, ebering_ghost_inner_flame,
          minmay_fractal_squares_diagonal_5
D:10:     layout_long_grid, tso_metal_star
D:11:     layout_loops_ring, dreamdust_gnoll_shepherd
D:12:     layout_grid_maze
D:13:     nicolae_cairo_tiling_large, layout_cave_pools, david_vaults_5,
          serial_shops, shop, uniq_josephine
D:14:     layout_loops_ring, columned_hall_lemuel,
          portal_ice_cave_entry_pillars_four, uniq_rupert
D:15:     grunt_enter_depths_hoard, layout_grid_maze,
          lemuel_coloured_pillars_altar, uniq_azrael
Temple:   eino_wide_crystal_templ
Lair:1:   minmay_guarded_unrand_snakebite, layout_cave_pods,
          serial_bayou_lagoon_a, chequers_serial_rivers_small_3,
          beast_lair_carwin_6, grunt_megastairs_3
Lair:2:   layout_loops_ring
Lair:3:   layout_long_grid, minmay_shattered_shrine, serial_bayou_shore_a,
          uniq_gastronok
Lair:4:   layout_misc_corridors, skrybe_swamp_entry_bodies,
          minmay_snake_entry_guardpost_small, forest_entry_grove,
          lemuel_fruit_fields, grunt_megastairs_5, infiniplex_staircase_pool_2
Lair:5:   layout_regular_city, gammafunk_ghost_grave, st_stairs_3,
          chequers_serial_rivers_micro_b, worms_lemuel
Lair:6:   grunt_lair_end_beastmaster, layout_hall_layers,
          minmay_slime_entry_pillars, grunt_forest_small_clearing_treed
Swamp:1:  layout_falls_marsh, nicolae_swamp_godswood
Swamp:2:  layout_basic_swamp, gammafunk_ghost_abyssal_escape,
          evilmike_swamp_ruin_rubble_2, infiniplex_staircase_pool
Swamp:3:  layout_basic_swamp, evilmike_swamp_ruin_house_2
Swamp:4:  swamp, layout_basic_swamp, swamp_pool1
Snake:1:  layout_layer_cave
Snake:2:  layout_honeycomb, serial_shops, nicolae_shop_trees, st_stairs_7,
          nrook_guardian_serpent_ordinary, uniq_aizul
Snake:3:  layout_honeycomb, gammafunk_ghost_split, uniq_vashnia
Snake:4:  snake_pit_salamanders_mu, layout_cave_town, uniq_roxanne
Slime:1:  nicolae_slime_jelly_donut, layout_caves, nicolae_slime_phagocytosis
Slime:2:  layout_caves, uniq_donald
Slime:3:  layout_caves
Slime:4:  layout_caves
Slime:5
Orc:1:    layout_caves
Orc:2:    st_orc_mages, layout_diamond_mine, lightli_volcano_entry_magma_tube
Elf:1:    nicolae_elf_arrival_fired_up, layout_onion_city,
          minmay_strange_pillars
Elf:2:    nicolae_elf_blades_crystal_corner, layout_geoelf_octagon
Elf:3:    elf_hall, layout_loops_cross, serial_shops,
          nicolae_shop_hallway_stairs, nicolae_shop_window_shopping,
          hangedman_elven_crosses_minicolossus
Vaults:1: nicolae_vaults_stairing_the_circle, hangedman_vaults_hat, v_misc_23,
          hangedman_vaults_corner_blocks, hangedman_vaults_river_flow,
          v_misc_33, ontoclasm_vaults_ring_small, ontoclasm_vaults_spin,
          nicolae_vaults_mini_display_case, grunt_vaults_diagonal,
          layout_vaults_omnibox
Vaults:2: ontoclasm_vaults_idyll, minmay_crypt_entry_simple_corners,
          st_greater_box_5, nicolae_vaults_back_hallway, v_misc_2,
          vaults_room_door_hall, vaults_room_corners,
          nicolae_vaults_yaktaur_gun_rack, vaults_room_fancy_cross,
          vaults_standard_mumra_enter_the_diamond, nicolae_vaults_network_s,
          vaults_dpeg_encased_lava, vaults_dpeg_ring,
          nicolae_vaults_specimen_jars, layout_vaults_omnicross, serial_shops,
          nicolae_diamond_shop, uniq_mara
Vaults:3: nicolae_vaults_inception_network, ontoclasm_vaults_idyll,
          grunt_vaults_funnel, ontoclasm_vaults_twist,
          hangedman_vaults_stitches, ontoclasm_vaults_hangar,
          hangedman_vaults_slither, grunt_vaults_trifunnel,
          ontoclasm_vaults_pinch, vaults_dpeg_diagonal,
          grunt_vaults_hallway_long, vaults_room_door_hall,
          hangedman_vaults_trim, nicolae_vaults_gold_heap,
          layout_vaults_maze_snakey
Vaults:4: st_star, vaults_standard_mumra_enter_the_diamond, v_misc_15,
          vaults_mumra_minichess, v_alt_pattern_2, vaults_dpeg_cross,
          v_alt_pattern_3, v_misc_30, v_pattern_4, ontoclasm_vaults_shuriken,
          v_alt_pattern_2, layout_vaults_omnigrid, serial_shops,
          nicolae_shop_bloodbath_and_beyond, nicolae_lakefront_shop, shop, shop
Vaults:5: serial_shops, uniq_xtahua
Depths:1: layout_forbidden_donut, enter_ziggurat_f, serial_shops, shop,
          enter_trove_5, hell_entry, kennysheep_crisscross, grunt_decor_junction
Depths:2: little_maze_vault, layout_cave_pools, grunt_pan_entry_sceptre,
          okawaru_trees_1, hell_entry, abyss_entry_crystal,
          minmay_variable_closet, infiniplex_staircase_spiral
Depths:3: hellmonk_crumbling_castle, layout_basic, abyss_entry,
          hangedman_decor_diamond_cutter, grunt_hell_entry_dis_old,
          uniq_saint_roka
Depths:4: grunt_zot_entry_alcove, layout_cave_pools,
          ebering_dispersal_statue_hall, hell_entry,
          nicolae_gozag_cash_rules_everything_around_me
Zot:1:    layout_cathedral_of_symmetry, st_small_dragon_hoard_4
Zot:2:    layout_twisted_circle, skrybe_zot_glass_1
Zot:3:    layout_gridlike
Zot:4:    lemuel_firehouse, layout_onion_interference, st_small_dragon_hoard_3

Skill      XL: |  1  2  3  4  5  6  7  8  9 10 11 12 13 14 15 16 17 18 19 20 21 22 23 24 25 26 |
---------------+-------------------------------------------------------------------------------+-----
Long Blades    | 4 5 7 9 12 14 | 14.0
Fighting       | 3 4 5 6 8 10 14 15 17 18 20 21 23 24 25 | 25.9
Dodging        | 5 6 8 10 15 18 20 | 20.9
Invocations    | 4 8 10 11 14 15 16 20 | 20.0
Shields        | 4 5 8 14 18 20 | 20.0
Armour         | 5 9 10 13 15 | 15.0
Evocations     | 1 9 13 15 | 15.0
Throwing       | |  2.0

Action                   |  1- 3 |  4- 6 |  7- 9 | 10-12 | 13-15 | 16-18 | 19-21 | 22-24 | 25-27 || total
-------------------------+-------+-------+-------+-------+-------+-------+-------+-------+-------++-------
Melee: Long sword        |    99 |   209 |    94 |       |       |       |       |       |       ||   402
       Punch             |     2 |     3 |    10 |     3 |       |       |       |       |       ||    18
       Dagger            |       |       |   423 |    68 |       |       |       |       |       ||   491
       Scimitar          |       |       |       |   514 |  1271 |   956 |    78 |       |       ||  2819
       Tailslap          |       |       |       |       |     2 |       |       |       |       ||     2
       Demon blade       |       |       |       |       |       |   787 |  1875 |  2695 |  1617 ||  6974
Throw: Dart              |       |     3 |    10 |    12 |     8 |     5 |     3 |     4 |    11 ||    56
       Javelin           |       |       |     1 |       |       |       |       |       |       ||     1
       Throwing net      |       |       |       |     4 |     1 |     5 |     1 |     1 |       ||    12
Invok: Finesse           |       |       |       |     1 |     2 |     4 |     2 |     4 |     6 ||    19
       Duel              |       |       |       |       |     4 |     5 |     2 |       |     7 ||    18
       Heroism           |       |       |       |       |     2 |       |     2 |     3 |     2 ||     9
 Abil: Evoke Blink       |       |       |       |       |       |       |     1 |       |       ||     1
Evoke: Wand              |       |       |       |     1 |     1 |     2 |     2 |     7 |     6 ||    19
       Tin of tremorston |       |       |       |       |       |       |       |     6 |       ||     6
       Phial of floods   |       |       |       |       |       |       |       |     2 |     1 ||     3
       Condenser vane    |       |       |       |       |       |       |       |     2 |     1 ||     3
  Use: Scroll            |       |       |     6 |    13 |     9 |     3 |     9 |    16 |    11 ||    67
       Potion            |       |       |       |     2 |    13 |     6 |     2 |    11 |    21 ||    55
 Stab: Distracted        |       |     1 |     1 |       |       |     2 |       |       |       ||     4
       Held in net/web   |       |       |       |     2 |     2 |     2 |       |       |       ||     6
       Sleeping          |       |       |       |       |     2 |       |       |       |       ||     2
Armor: Leather armour    |     4 |       |       |       |       |       |       |       |       ||     4
       Troll leather arm |    32 |    54 |    61 |    68 |       |       |       |       |       ||   215
       Ring mail         |     6 |       |       |       |       |       |       |       |       ||     6
       Acid dragon scale |       |       |       |    14 |   115 |       |       |       |       ||   129
       Plate armour      |       |       |       |       |   263 |   629 |   693 |   493 |   240 ||  2318
Dodge: Dodged            |    82 |   131 |   308 |   392 |   701 |   941 |  1265 |  1147 |   475 ||  5442
Block: Buckler           |       |       |       |    39 |   264 |   455 |   736 |   265 |       ||  1759
       Tower shield      |       |       |       |       |       |       |       |  2334 |  1739 ||  4073
       Reflection        |       |       |       |       |       |       |       |    76 |    32 ||   108

Table legend: (Time is in decaauts)
 A = Elapsed time spent in this place.
 B = Non-inter-level travel time spent in this place.
 C = Inter-level travel time spent in this place.
 D = Time resting spent in this place.
 E = Time spent auto-exploring this place.
 F = Levels seen in this place.
 G = Mean time per level.
                   A        B        C        D        E       F      G
               +--------+--------+--------+--------+--------+-----+--------+
         Total |  91581 |  85754 |   5827 |  28770 |  36770 |  73 | 1254.5 |
       Dungeon |  22326 |  19206 |   3120 |   4412 |  10275 |  15 | 1488.4 |
        Temple |      1 |      1 |      0 |      0 |      0 |   1 |    1.0 |
          Lair |  10356 |   9625 |    731 |   1967 |   5679 |   6 | 1726.0 |
         Swamp |   4190 |   4107 |     83 |   1809 |   1358 |   4 | 1047.5 |
     Snake Pit |  11515 |  11320 |    195 |   5989 |   3486 |   4 | 2878.8 |
    Slime Pits |   2742 |   2681 |     61 |   1045 |    462 |   5 |  548.4 |
  Orcish Mines |   3106 |   2799 |    307 |    723 |   1434 |   2 | 1553.0 |
   Elven Halls |   4365 |   4228 |    137 |    763 |   2256 |   3 | 1455.0 |
        Vaults |  15642 |  14948 |    694 |   4044 |   7219 |   5 | 3128.4 |
        Depths |  10514 |  10077 |    437 |   3560 |   4321 |   4 | 2628.5 |
           Zot |   3616 |   3559 |     57 |   2056 |    239 |   4 |  904.0 |
         Abyss |     10 |     10 |      0 |      0 |      0 |   1 |   10.0 |
      Ice Cave |   2835 |   2835 |      0 |   2209 |     39 |   1 | 2835.0 |
         Arena |    356 |    356 |      0 |    187 |      0 |  18 |   19.8 |
               +--------+--------+--------+--------+--------+-----+--------+

Top non-repeatable levels by time:
Vaults:1: 3848 daAuts
 Snake:4: 3394 daAuts
Vaults:2: 3195 daAuts
 Snake:3: 3178 daAuts
Vaults:5: 3151 daAuts
Depths:2: 3120 daAuts
   Zot:1: 3043 daAuts
    D:13: 3038 daAuts
 Snake:2: 2886 daAuts
Vaults:3: 2836 daAuts
   IceCv: 2835 daAuts
Depths:3: 2737 daAuts
Depths:4: 2642 daAuts
Vaults:4: 2609 daAuts
    D:15: 2296 daAuts
